 Dungeon Crawl Stone Soup version 0.29.1-1-gd02db6906a (webtiles) character file.

Game seed: 12469375566322982002

4 Nerdsrcool the Sneak (level 1, 0/9 HPs)
             Began as a Spriggan Venom Mage on Oct 14, 2022.
             Slain by a quokka (4 damage)
             ... on level 1 of the Dungeon.
             The game lasted 00:04:34 (375 turns).

Nerdsrcool the Sneak (Spriggan Venom Mage)           Turns: 375, Time: 00:04:34

Health: 0/9        AC:  2    Str:  4    XL:     1   Next: 50%
Magic:  2/5        EV: 16    Int: 16    God:
Gold:   36         SH:  5    Dex: 15    Spells: 4/5 levels left

rFire   . . .      SeeInvis +   f - +0 dagger
rCold   . . .      Faith    .   e - +0 buckler
rNeg    . . .      Spirit   .   a - +0 robe
rPois   .          Reflect  .   (helmet restricted)
rElec   .          Harm     .   (no cloak)
rCorr   .          Rampage  .   (gloves unavailable)
Will    .....                   (boots unavailable)
Stlth   ++........              (no amulet)
HPRegen 0.03/turn               (no ring)
MPRegen 0.09/turn               (no ring)

@: very slightly contaminated, very quick
A: very small, no large weapons, unfitting armour, see invisible, speed 3
a: no special abilities


You were on level 1 of the Dungeon.
You visited 1 branch of the dungeon, and saw 1 of its levels.

You collected 36 gold pieces.

Inventory:

Hand Weapons
 f - a +0 dagger (weapon)
Armour
 a - a +0 robe (worn)
 e - a +0 buckler (worn)
Scrolls
 d - a scroll of identify {unknown}
Potions
 b - a potion of magic
 c - a potion of attraction {unknown}


   Skills:
 + Level 2.7 Dodging
 + Level 3.1 Stealth
 + Level 2.8 Spellcasting
 + Level 1.4 Transmutations
 + Level 3.1 Poison Magic


You had 4 spell levels left.
You knew the following spells:

 Your Spells              Type           Power      Damage    Failure   Level
a - Sting                 Tmut/Pois      36%        1d4       17%         1

Your spell library contained the following spells:

 Spells                   Type           Power      Damage    Failure   Level
 Poisonous Vapours        Pois/Air       14%        N/A       32%         2
 Mephitic Cloud           Conj/Pois/Air  5%         N/A       63%         3
 Olgreb's Toxic Radiance  Pois           12%        N/A       75%         4


Dungeon Overview and Level Annotations

Branches:
Dungeon (1/15)

Altars:


Innate Abilities, Weirdness & Mutations

You are very small and have problems with some larger weapons.
You are too small for most types of armour.
You have supernaturally acute eyesight. (SInv)
You cover ground extremely quickly. (Speed+++)


Message History

The kobold is poisoned.
You kill the kobold!
You see here a +0 dagger.
f - a +0 dagger
f - a +0 dagger (weapon)
Unknown command.
You are a level 1 Spriggan Venom Mage.
You are 16% of the way to level 2.
Play time: 00:03:22 (292 turns).
Zot will find you in 5745 turns if you stay in this branch and explore no new floors.
Magic restored.
HP restored.
You now have 26 gold pieces (gained 13).
A giant cockroach comes into view.
You see here 10 gold pieces.
You now have 36 gold pieces (gained 10).
The sting hits the giant cockroach but does no damage.
The giant cockroach is poisoned.
You kill the giant cockroach!
You see here a giant cockroach corpse.
A goblin comes into view. It is wielding a +0 club.
Found 8 stones.
A quokka comes into view.
Found a faded altar of an unknown god.
You can't see any susceptible monsters within range! (Use Z to cast anyway.)
Aiming: Sting (safe; 17% risk of failure)
Press: ? - help, Q - select action Shift-Dir - straight line, f - you
Okay, then.
The sting hits the goblin.
The goblin is poisoned.
You kill the goblin!
The sting misses the quokka.
You hit the quokka but do no damage. The quokka barely misses you.
You block the quokka's attack.
You barely miss the quokka. The quokka closely misses you.
You miscast Sting.
You are very lightly contaminated with residual magic.
Nothing appears to happen.
The quokka closely misses you.
You closely miss the quokka. The quokka bites you.
Ouch! That really hurt!
The quokka bites you.
You die...

..........##
.(.........
#........#
#........#
#........#
#......).#
...##.##
#........##
........
#...@r.^^.#
.......
#...#.#._^#
#.....
#...#... .#
#.....
#...#####
##.....
#...#
#......
#..†#
#..[...
#...#
#.#####
##...#####
###.#
#........#
##...#


You could see a quokka.

Vanquished Creatures
  A giant cockroach (D:1)
  A goblin (D:1)
  A ball python (D:1)
  A kobold (D:1)
4 creatures vanquished.

Notes
Turn   | Place    | Note
-------+----------+-------------------------------------------
     0 | D:1      | Nerdsrcool the Spriggan Venom Mage began the quest for the
                  | Orb.
     0 | D:1      | Reached XP level 1. HP: 9/9 MP: 5/5
   366 | D:1      | Found a faded altar of an unknown god.
   375 | D:1      | Slain by a quokka

Illustrated notes

Levels and vault maps discovered:
D:1:      amcnicky_arrival_gap_in_the_tavern_cellar, layout_basic,
          ebering_ecumenical_altar_webs

Action                   || total
-------------------------++-------
Melee: Dagger            ||     3
       Unarmed           ||     1
 Cast: Sting             ||     7
Armor: Robe              ||     1
Dodge: Dodged            ||     4
Block: Buckler           ||     1
